 Dungeon Crawl Stone Soup version 0.21.1-1-g345015f (webtiles) character file.

229 suicidejoker the Sneak (level 5, -18/35 HPs)
             Began as a Vampire Necromancer on Mar 12, 2018.
             Demolished by an ogre
             ... wielding a +0 giant club
              (21 damage)
             ... on level 4 of the Dungeon.
             The game lasted 00:13:45 (4446 turns).

suicidejoker the Sneak (Vampire Necromancer)        Turns: 4446, Time: 00:13:45

Health: -18/35     AC:  4    Str:  7 (8)  XL:     5   Next: 71%
Magic:  0/9        EV: 13    Int: 16 (18) God:
Gold:   120        SH:  0    Dex: 14      Spells: 5/9 levels left

rFire    . . .     SeeInvis +   j - +1 dagger
rCold    + + .     Gourm    .   (no shield)
rNeg     + + +     Faith    .   h - +0 robe (curse)
rPois    ∞         Spirit   .   s - +1 helmet
rElec    .         Reflect  .   (no cloak)
rCorr    .         Harm     .   (no gloves)
MR       .....                  (no boots)
Stlth    +++++.....             (no amulet)
HPRegen  0.00/turn              (no ring)
MPRegen  0.11/turn              (no ring)

@: about to teleport, bloodless, non-regenerating
A: fangs 3, see invisible, unbreathing
a: Bat Form


You were on level 4 of the Dungeon.
You were bloodless.

You visited 1 branch of the dungeon, and saw 4 of its levels.

You collected 120 gold pieces.

Inventory:

Hand Weapons
 f - a +0 mace
 j - a +1 dagger (weapon)
 t - a +0 hunting sling
Missiles
 i - 5 tomahawks (quivered)
 n - 152 stones
 o - 25 sling bullets
Armour
 a - a +0 robe
 h - a cursed +0 robe (worn)
 s - a +1 helmet (worn)
Scrolls
 l - 3 scrolls of identify
 p - a scroll of enchant weapon
 q - 2 scrolls of immolation
 r - a scroll of remove curse
Potions
 c - 14 potions of blood
 d - 2 potions of degeneration
Books
 b - a book of Necromancy

   Spells                             Type                      Level
   a - Pain                           Necromancy                   1
   b - Animate Skeleton               Necromancy                   1
   c - Vampiric Draining              Necromancy                   3
   d - Regeneration                   Charms/Necromancy            3
   e - Animate Dead                   Necromancy                   4
   f - Borgnjor's Vile Clutch         Necromancy/Earth             5


   Skills:
 * Level 1.5 Short Blades
 + Level 3.3 Dodging
 * Level 5.8 Stealth
 + Level 2.7 Spellcasting
 * Level 5.5 Necromancy


You had 5 spell levels left.
You knew the following spells:

 Your Spells              Type           Power        Failure   Level  Hunger
a - Pain                  Necr           ###.         1%          1    #......
b - Vampiric Draining     Necr           ###.......   6%          3    ###....


Dungeon Overview and Level Annotations

Branches:
Dungeon (4/15)
 Temple: D:4-7

Altars:
Ru

Annotations:
D:3 Trucidus's ghost, amateur TeSu


Innate Abilities, Weirdness & Mutations

You do not heal naturally.
You are immune to poison.
You have razor-sharp teeth.
You have supernaturally acute eyesight. (SInv)
You can survive without breathing.


Message History

Okay, then.
You don't have enough magic at the moment.
As you read the scroll labeled XUFIXU REIWIAF, it crumbles to dust.
You feel aware of your surroundings.
You sensed 1 shop/portal.
It was a scroll of magic mapping.
The ogre barely misses you.
As you read the scroll labeled BIQICL JIWUMNY, it crumbles to dust.
It is a scroll of amnesia.
Okay, then.
The ogre hits you with a giant club!
* * * LOW HITPOINT WARNING * * *
As you read the scroll labeled HENAEFA ZUCZA, it crumbles to dust.
It is a scroll of enchant weapon.
Your +0 dagger glows red for a moment.
The ogre misses you.
As you read the scroll labeled OTACU CUPLUCA, it crumbles to dust.
The creatures around you are filled with an inner flame!
It was a scroll of immolation.
As you read the scroll of teleportation, it crumbles to dust.
You feel strangely unstable. The ogre hits you with a giant club!!
Ouch! That really hurt!
You die...

,,* ,,*************
,,,,,,,,,,,,..*
,,,,*,*,**,*#.#
.,,,,∩,,**,*#.#
,,,,*,***#,*#.#
,....,* #.##.##
....,,* #.#...######
...#*** #......@O..#
...# ###...####.#
...# ##.## #.#
#.######## #.# #>#
.........# #.# #.#
.....###.# #.# #.#
#........# #.# #.#
#.#..###.####.#####†#
#.#..# #............#


You could see an ogre (inner flame).

Vanquished Creatures
  A scorpion (D:4)
  A howler monkey (D:4)
  A worker ant (D:4)
  5 adders (D:2)
  A worm (D:2)
  2 dart slugs (D:2)
  3 leopard geckos
  2 orcs (D:3)
  2 ball pythons (D:3)
  10 bats
  3 giant cockroaches
  8 goblins
  5 hobgoblins
  3 jackals
  4 kobolds
  2 quokkas (D:2)
  4 frilled lizards
  4 rats
61 creatures vanquished.

Notes
Turn   | Place    | Note
-------+----------+-------------------------------------------
     0 | D:1      | suicidejoker the Vampire Necromancer began the quest for the Orb.
     0 | D:1      | Reached XP level 1. HP: 13/13 MP: 3/3
   433 | D:1      | Reached XP level 2. HP: 9/19 MP: 1/5
  2022 | D:2      | Reached XP level 3. HP: 14/24 MP: 0/6
  2563 | D:2      | Found a sacrificial altar of Ru.
  2628 | D:2      | Reached skill level 5 in Necromancy
  2758 | D:2      | Reached XP level 4. HP: 30/30 MP: 7/7
  2848 | D:2      | Learned a level 3 spell: Vampiric Draining
  3604 | D:3      | Reached skill level 5 in Stealth
  3734 | D:3      | Noticed Trucidus's ghost (amateur TeSu)
  4205 | D:4      | Reached XP level 5. HP: 14/35 MP: 1/8
  4311 | D:4      | Reached skill level 1 in Short Blades
  4425 | D:4      | Noticed an ogre
  4446 | D:4      | Demolished by an ogre

Skill      XL: |  1  2  3  4  5 |
---------------+----------------+-----
Stealth        | 4 5 |  5.8
Necromancy     | 5 |  5.5
Dodging        | 3 |  3.3
Short Blades   | 1 |  1.5
Spellcasting   | |  2.7

Action                   |  1- 3 |  4- 6 || total
-------------------------+-------+-------++-------
Melee: Dagger            |    19 |    14 ||    33
       Short sword       |     2 |       ||     2
       Bite              |     2 |       ||     2
 Cast: Pain              |    45 |    50 ||    95
       Vampiric Draining |       |     5 ||     5
  Use: Potion            |     3 |     3 ||     6
       Scroll            |       |    10 ||    10
 Stab: Sleeping          |     8 |     7 ||    15
Armor: Robe              |     7 |     7 ||    14
Dodge: Dodged            |    18 |    22 ||    40
